[Event "Titled Tuesday Blitz March 08 Early 2022"]
[White "Aaditya Dhingra"]
[Black "Mekhitarian, Krikor Sevag"]
[WhiteFideId "25678191"]
[BlackFideId "2107660"]
[WhiteElo "1849"]
[BlackElo "2598"]
[Result "0-1"]
[Round "01"]
[TimeControl "180+1"]
[Date "2022.03.09"]
[WhiteClock "0:00:14"]
[BlackClock "0:00:44"]

1. e4 c5 2. Nf3 g6 3. d4 cxd4 4. Qxd4 Nf6 5. e5 Nc6 6. Qa4 Nd5 7. Qe4 Nb6 8. Nc3 Bg7 9. Bf4 d5 10. exd6 Bf5 11. Qe2 O-O 12. dxe7 Nxe7 13. Rd1 Qc8 14. Qd2 Re8 15. Bb5 Nc4 16. Bxc4 Qxc4 17. Be3 Nc6 18. Ne2 Rad8 19. Qc1 Nb4 20. Rxd8 Rxd8 21. Nd2 Nxc2+ 22. Kf1 0-1


[Site "https://www.chess.com"]

[Event "Titled Tuesday Blitz March 08 Early 2022"]
[White "Abdyzhapar, Asylbek"]
[Black "Gombocz, Ferenc Jr."]
[WhiteFideId "13800337"]
[BlackFideId "775029"]
[WhiteElo "2331"]
[BlackElo "1913"]
[Result "1-0"]
[Round "01"]
[TimeControl "180+1"]
[Date "2022.03.09"]
[WhiteClock "0:01:46"]
[BlackClock "0:00:04"]

1. e4 e5 2. Nf3 Nc6 3. Bb5 g6 4. O-O Bg7 5. c3 a6 6. Ba4 d6 7. d4 Bd7 8. h3 Nf6 9. Re1 O-O 10. Bg5 h6 11. Bh4 Re8 12. Nbd2 g5 13. Bg3 Nh5 14. Bxc6 bxc6 15. Nxe5 Nxg3 16. Nxd7 Nxe4 17. Nxe4 Qxd7 18. g4 f5 19. Ng3 Rxe1+ 20. Qxe1 fxg4 21. hxg4 Qxg4 22. Qe7 h5 23. Qe4 Qxe4 24. Nxe4 g4 25. Ng3 h4 26. Nf5 Bf6 27. Nh6+ Kg7 28. Nxg4 Re8 29. Kf1 Bg5 30. Rd1 Kg6 31. Rd3 Bf4 32. Rf3 Kg5 33. Nf6 Kxf6 34. Rxf4+ Kg5 35. Rf7 Rc8 36. Kg2 Rb8 37. b3 Rc8 38. Kh3 Re8 39. Rxc7 Re2 40. Rxc6 Rxf2 41. Rxd6 Rf3+ 42. Kg2 Rxc3 43. Rxa6 Rd3 44. Ra4 Kg4 45. d5+ Kg5 46. Ra5 Kg4 47. Ra4+ Kg5 48. Rc4 Rxd5 49. a4 Rd2+ 50. Kh1 Rd1+ 51. Kh2 Rd2+ 52. Kg1 Rd1+ 53. Kf2 Rd2+ 54. Ke1 Rd3 55. Rb4 h3 56. Kf2 Rd2+ 57. Kg1 Rb2 58. a5 Ra2 59. Ra4 Rb2 60. a6 h2+ 61. Kh1 Rb1+ 62. Kxh2 Rb2+ 63. Kg1 Rb1+ 64. Kf2 Rb2+ 65. Ke1 Rxb3 66. a7 1-0


[Site "https://www.chess.com"]

[Event "Titled Tuesday Blitz March 08 Early 2022"]
[White "Agasarov, Benik"]
[Black "Levine, David"]
[WhiteFideId "13314823"]
[BlackFideId "2011611"]
[WhiteElo "2562"]
[BlackElo "2168"]
[Result "1-0"]
[Round "01"]
[TimeControl "180+1"]
[Date "2022.03.09"]
[WhiteClock "0:02:04"]
[BlackClock "0:01:44"]

1. e4 e5 2. Nc3 Nf6 3. Bc4 Nxe4 4. Qh5 Nd6 5. Bb3 Be7 6. Nf3 O-O 7. Nxe5 Bf6 8. O-O g6 9. Qe2 Re8 10. d4 Kg7 11. Be3 Nf5 12. Nxf7 Re7 13. Nxd8 1-0


[Site "https://www.chess.com"]

[Event "Titled Tuesday Blitz March 08 Early 2022"]
[White "Aggelis, Nikolaos"]
[Black "Dubov, Daniil"]
[WhiteFideId "4213220"]
[BlackFideId "24126055"]
[WhiteElo "2154"]
[BlackElo "2791"]
[Result "0-1"]
[Round "01"]
[TimeControl "180+1"]
[Date "2022.03.08"]
[WhiteClock "0:00:01"]
[BlackClock "0:00:13"]

1. d4 Nf6 2. g3 c5 3. Nf3 cxd4 4. Nxd4 e5 5. Nb3 d5 6. Bg2 Nc6 7. O-O Be6 8. f4 exf4 9. gxf4 g6 10. Kh1 Bg7 11. Nc3 O-O 12. f5 Bxf5 13. Bg5 d4 14. Bxf6 Bxf6 15. Nd5 Be5 16. Qe1 Bxc2 17. Nc5 Rb8 18. Rc1 Bf5 19. e4 Be6 20. b3 Kg7 21. Nxb7 Rxb7 22. Rxc6 Qg5 23. Qf2 Rc8 24. Rxc8 Bxc8 25. Qf3 Be6 26. h3 Rb8 27. Nf4 Qxf4 28. Qxf4 Bxf4 29. Rxf4 Rd8 30. Rf2 d3 31. Rd2 Kf6 32. Kg1 Ke5 33. Kf2 Kd4 34. Bf1 Kxe4 35. Rd1 Bf5 36. Bg2+ Kf4 37. Bf1 g5 38. b4 Rd4 39. b5 Rb4 40. Bxd3 Bxd3 41. Rxd3 Rb2+ 42. Kg1 Rxb5 43. Rd7 f5 44. Rxa7 h5 45. Ra4+ Kg3 46. Ra3+ Kh4 47. Kg2 Rb2+ 48. Kg1 g4 49. hxg4 hxg4 50. Ra8 f4 51. a4 Kg3 52. Kf1 f3 53. Re8 Rb1+ 0-1


[Site "https://www.chess.com"]

[Event "Titled Tuesday Blitz March 08 Early 2022"]
[White "Ahn, Hongjin"]
[Black "Van den Dikkenberg, Erik"]
[WhiteFideId "13201492"]
[BlackFideId "1005880"]
[WhiteElo "1873"]
[BlackElo "2118"]
[Result "1-0"]
[Round "01"]
[TimeControl "180+1"]
[Date "2022.03.09"]
[WhiteClock "0:00:10"]
[BlackClock "0:00:02"]

1. c4 e5 2. Nc3 Nc6 3. g3 f5 4. Bg2 Nf6 5. e3 d5 6. cxd5 Nb4 7. d3 Nbxd5 8. Nge2 c6 9. O-O Be6 10. f4 exf4 11. Nxf4 Nxf4 12. gxf4 Be7 13. Qe2 O-O 14. e4 Qd7 15. Be3 Rfe8 16. h3 b6 17. Rac1 fxe4 18. dxe4 Bxh3 19. e5 Nd5 20. Nxd5 cxd5 21. Rfd1 Bxg2 22. Qxg2 Rad8 23. Bd4 Bc5 24. Bxc5 bxc5 25. Rxc5 d4 26. Qe4 d3 27. Kf2 Qd4+ 28. Qxd4 Rxd4 29. Ke3 Rb4 30. b3 g5 31. fxg5 Rg4 32. Rxd3 Rxg5 33. Rdd5 h5 34. Kf4 Rg4+ 35. Kf5 Rf8+ 36. Ke6 Rg6+ 37. Kd7 Rg7+ 38. Kc6 Rc8+ 39. Kb5 Rxc5+ 40. Kxc5 h4 41. e6 Kf8 42. Kd6 h3 43. Rh5 Rg3 44. e7+ Kf7 45. Rh7+ Kg6 46. e8=Q+ Kxh7 47. Qe4+ Kh6 48. Qh4+ 1-0


[Site "https://www.chess.com"]

[Event "Titled Tuesday Blitz March 08 Early 2022"]
[White "Alavi, Sayed Javad"]
[Black "Yandarbiev, Ruslan"]
[WhiteFideId "12500607"]
[BlackFideId "4115023"]
[WhiteElo "2475"]
[BlackElo "2102"]
[Result "1-0"]
[Round "01"]
[TimeControl "180+1"]
[Date "2022.03.09"]
[WhiteClock "0:00:30"]
[BlackClock "0:00:08"]

1. d4 Nf6 2. Nf3 g6 3. g3 Bg7 4. Bg2 O-O 5. O-O d6 6. c4 Nbd7 7. Nc3 e5 8. e4 c6 9. h3 Re8 10. Be3 a5 11. d5 Nc5 12. Nd2 Bd7 13. dxc6 Bxc6 14. Qc2 Ne6 15. Qd3 a4 16. b4 axb3 17. axb3 Nd4 18. b4 Nd7 19. f4 Rxa1 20. Rxa1 Nf8 21. Bxd4 exd4 22. Nd5 b5 23. Ra6 bxc4 24. Qxc4 Bxd5 25. Qxd5 Qc7 26. Nc4 d3 27. Nxd6 Rd8 28. Qxd3 Ne6 29. e5 Bf8 30. Kh2 h5 31. h4 Ng7 32. Bd5 Ne6 33. Bxe6 fxe6 34. Qxg6+ Qg7 35. Qxe6+ Kh7 36. Qf5+ Kh8 37. Nf7+ 1-0


[Site "https://www.chess.com"]

[Event "Titled Tuesday Blitz March 08 Early 2022"]
[White "Aldokhin, Ivan"]
[Black "Johnson, Ben"]
[WhiteFideId "24115720"]
[BlackFideId "2010917"]
[WhiteElo "2231"]
[BlackElo "2204"]
[Result "1-0"]
[Round "01"]
[TimeControl "180+1"]
[Date "2022.03.09"]
[WhiteClock "0:01:14"]
[BlackClock "0:00:11"]

1. e4 c5 2. Nf3 Nc6 3. d4 cxd4 4. Nxd4 Nf6 5. Nc3 e5 6. Ndb5 d6 7. Bg5 a6 8. Na3 b5 9. Nd5 Be7 10. Bxf6 Bxf6 11. c3 O-O 12. Be2 Bg5 13. Nc2 Rb8 14. O-O Ne7 15. Ncb4 Bb7 16. a4 a5 17. Nxe7+ Bxe7 18. Nd5 Bxd5 19. Qxd5 bxa4 20. Rxa4 Rxb2 21. Bc4 Rc2 22. Rxa5 Rxc3 23. Ra7 Rxc4 24. Qxc4 Bg5 25. Rb1 Qc8 26. Rc7 Qe6 27. Qxe6 fxe6 28. Rbb7 Bh6 29. Rd7 Rc8 30. g3 d5 31. exd5 exd5 32. Rxd5 e4 33. Re5 e3 34. f4 g6 35. Rxe3 Bg7 36. Ree7 1-0


[Site "https://www.chess.com"]

[Event "Titled Tuesday Blitz March 08 Early 2022"]
[White "Alinasab, Mobina"]
[Black "Gulecyuz, Deniz"]
[WhiteFideId "12528897"]
[BlackFideId "30921341"]
[WhiteElo "2052"]
[BlackElo "1923"]
[Result "1-0"]
[Round "01"]
[TimeControl "180+1"]
[Date "2022.03.09"]
[WhiteClock "0:02:00"]
[BlackClock "0:00:19"]

1. e4 c5 2. Nf3 Nc6 3. d4 cxd4 4. Nxd4 Nf6 5. Nc3 e5 6. Ndb5 d6 7. Bg5 a6 8. Na3 b5 9. Bxf6 gxf6 10. Nd5 Bg7 11. Bd3 Ne7 12. c4 Nxd5 13. cxd5 f5 14. O-O fxe4 15. Bxe4 O-O 16. Qh5 f5 17. Bc2 e4 18. Rab1 Qe8 19. Qxe8 Rxe8 20. Bb3 f4 21. Nc2 e3 22. fxe3 fxe3 23. Rbe1 Bxb2 24. Rf3 e2 25. Rf2 Bg4 26. h3 Bh5 27. g4 Bg6 28. Rfxe2 Rxe2 29. Rxe2 Rc8 30. Nb4 a5 31. Nc6 a4 32. Ne7+ Kf7 33. Nxc8 axb3 34. Nxd6+ Kf6 35. Rxb2 1-0


[Site "https://www.chess.com"]

[Event "Titled Tuesday Blitz March 08 Early 2022"]
[White "Ambartsumova, Karina"]
[Black "Zanette, Edgard Vinicius"]
[WhiteFideId "4166299"]
[BlackFideId "2109263"]
[WhiteElo "2262"]
[BlackElo "2182"]
[Result "1-0"]
[Round "01"]
[TimeControl "180+1"]
[Date "2022.03.09"]
[WhiteClock "0:00:09"]
[BlackClock "0:00:02"]

1. e4 e5 2. Nf3 Nc6 3. Bc4 Bc5 4. O-O Nf6 5. d4 Bxd4 6. Nxd4 Nxd4 7. Bg5 h6 8. f4 d6 9. Bh4 Be6 10. Na3 Qe7 11. c3 Nc6 12. f5 Bxc4 13. Nxc4 O-O-O 14. b4 d5 15. exd5 Qe8 16. Ne3 Ne7 17. c4 c6 18. Qa4 Kb8 19. Bg3 cxd5 20. Bxe5+ Ka8 21. Qa3 d4 22. Nd1 Nc6 23. Bg3 Ne4 24. b5 Nxg3 25. Qxg3 Ne5 26. Nb2 f6 27. Rad1 Qf7 28. Qb3 d3 29. Nxd3 Qxc4 30. Qxc4 Nxc4 31. Nc5 b6 32. Ne6 Rdg8 33. Rd7 Ne5 34. Re7 Nd3 35. Rd1 Nc5 36. Nxc5 bxc5 37. Rdd7 Rd8 38. Rxa7+ Kb8 39. Reb7+ Kc8 40. Rc7+ Kb8 41. b6 Rd1+ 42. Kf2 Rhd8 43. Rcb7+ Kc8 44. Rc7+ Kb8 45. h3 R1d2+ 46. Kg3 R8d3+ 47. Kh2 Rd8 48. Rxg7 c4 49. Rab7+ Ka8 50. Rbc7 Rb2 51. b7+ Kb8 52. Rxc4 Rxb7 53. Rxb7+ Kxb7 54. Rh4 Kc6 55. Rxh6 Rd6 56. Rg6 Kd5 57. h4 Ke4 58. Rg3 Kxf5 59. a4 Rd4 60. Ra3 Rxh4+ 61. Kg3 Rg4+ 62. Kh3 Rg8 63. a5 Ra8 64. a6 Ra7 65. Kg3 Kg5 66. Ra5+ f5 67. Kf3 Kf6 68. Kf4 Ke6 69. g3 Kd6 70. Kxf5 Kc6 71. g4 Kb6 72. Ra1 Rf7+ 73. Kg6 Rf4 74. g5 Ka7 75. Kh6 Rh4+ 76. Kg7 Rg4 77. g6 Rb4 78. Kh7 Rh4+ 79. Kg8 Rh2 80. g7 Rf2 81. Rh1 Rc2 82. Kh8 1-0


[Site "https://www.chess.com"]

[Event "Titled Tuesday Blitz March 08 Early 2022"]
[White "Artemenko, Oleg"]
[Black "Urbina Quiroz, Edwin"]
[WhiteFideId "14201798"]
[BlackFideId "6500650"]
[WhiteElo "2287"]
[BlackElo "2152"]
[Result "1-0"]
[Round "01"]
[TimeControl "180+1"]
[Date "2022.03.09"]
[WhiteClock "0:00:49"]
[BlackClock "0:00:28"]

1. d4 d5 2. Nc3 Nf6 3. Bf4 c6 4. f3 e6 5. e4 Bb4 6. e5 Nfd7 7. a3 Be7 8. Be3 c5 9. f4 Nc6 10. Nf3 a6 11. Ne2 cxd4 12. Nexd4 Nxd4 13. Nxd4 Bc5 14. c3 Bxd4 15. Bxd4 b5 16. Bd3 Qc7 17. O-O Nc5 18. Bc2 Bb7 19. f5 Ne4 20. fxe6 fxe6 21. Qg4 Qe7 22. a4 Bc6 23. axb5 Bxb5 24. Rf4 Rf8 25. b3 Rxf4 26. Qxf4 Bc6 27. c4 Kd7 28. Rf1 Re8 29. Qg4 Kc7 30. Bd3 Nc5 31. Bc2 Rf8 32. Ra1 Kb7 33. b4 Ne4 34. b5 axb5 35. Ra7+ 1-0


[Site "https://www.chess.com"]

[Event "Titled Tuesday Blitz March 08 Early 2022"]
[White "Atakhan, Abtin"]
[Black "Sarkar, Justin"]
[WhiteFideId "22502203"]
[BlackFideId "2010011"]
[WhiteElo "2119"]
[BlackElo "2038"]
[Result "0-1"]
[Round "01"]
[TimeControl "180+1"]
[Date "2022.03.09"]
[WhiteClock "0:00:47"]
[BlackClock "0:00:09"]

1. d4 Nf6 2. c4 e6 3. g3 Bb4+ 4. Bd2 a5 5. Bg2 O-O 6. Nf3 d5 7. Qc2 b6 8. O-O dxc4 9. Bxb4 axb4 10. Qxc4 Ba6 11. Qc2 b3 12. axb3 Bd3 13. Qxd3 Rxa1 14. e4 c5 15. e5 Nd5 16. Nc3 Rxf1+ 17. Bxf1 cxd4 18. Nxd4 Nb4 19. Qc4 Qe7 20. Ncb5 Qc5 21. Qe2 Rd8 22. Qg4 Nd7 23. Nf3 Nc6 24. Qh4 Ndxe5 25. Be2 Nxf3+ 26. Bxf3 Qxb5 27. Bxc6 Rd1+ 28. Kg2 Qxc6+ 0-1


[Site "https://www.chess.com"]

[Event "Titled Tuesday Blitz March 08 Early 2022"]
[White "Baches Garcia, Guillermo"]
[Black "Cabarkapa, Novak"]
[WhiteFideId "2209764"]
[BlackFideId "943746"]
[WhiteElo "2403"]
[BlackElo "2443"]
[Result "1-0"]
[Round "01"]
[TimeControl "180+1"]
[Date "2022.03.09"]
[WhiteClock "0:01:35"]
[BlackClock "0:01:38"]

1. e4 e6 2. Nf3 g5 3. d4 g4 4. Ne5 h5 5. h3 d6 6. Nd3 g3 7. fxg3 Nc6 8. Be3 Nf6 9. Nc3 d5 10. e5 Nd7 11. Qf3 Nb6 12. Nf4 Be7 13. Nxh5 Rg8 14. Bb5 Bd7 15. O-O 1-0


[Site "https://www.chess.com"]

[Event "Titled Tuesday Blitz March 08 Early 2022"]
[White "Bashirli, Saadat"]
[Black "Voit, Daria"]
[WhiteFideId "13429990"]
[BlackFideId "4182146"]
[WhiteElo "1173"]
[BlackElo "2323"]
[Result "0-1"]
[Round "01"]
[TimeControl "180+1"]
[Date "2022.03.09"]
[WhiteClock "0:01:20"]
[BlackClock "0:01:53"]

1. d4 Nf6 2. Bg5 Ne4 3. Bf4 d5 4. Nd2 Bf5 5. Nxe4 Bxe4 6. e3 c5 7. Nf3 Nc6 8. Bd3 e6 9. Bxe4 dxe4 10. Ne5 Nxe5 11. Bxe5 f6 12. Bg3 cxd4 13. exd4 Bd6 14. Bxd6 Qxd6 15. O-O O-O 16. c3 f5 17. Qe2 e5 18. Rad1 Kh8 19. dxe5 Qxe5 20. Rd4 Rae8 21. Rfd1 f4 22. Rd5 Qf6 23. Qg4 e3 24. Rd6 e2 25. Qxe2 Rxe2 26. Rxf6 gxf6 27. g3 fxg3 28. hxg3 Rxb2 29. Rd7 Re8 30. c4 Ree2 31. Rd8+ Kg7 32. Rd7+ Kg6 33. Rd4 Rxf2 34. Rg4+ Kf7 35. Rh4 Rfc2 36. Rxh7+ Kg6 37. Rc7 Rc1# 0-1


[Site "https://www.chess.com"]

[Event "Titled Tuesday Blitz March 08 Early 2022"]
[White "Batsiashvili, Nino"]
[Black "Zhu, Jiner"]
[WhiteFideId "13602993"]
[BlackFideId "8608059"]
[WhiteElo "2192"]
[BlackElo "2281"]
[Result "0-1"]
[Round "01"]
[TimeControl "180+1"]
[Date "2022.03.08"]
[WhiteClock "0:00:13"]
[BlackClock "0:00:11"]

1. d4 Nf6 2. c4 g6 3. Nc3 d5 4. cxd5 Nxd5 5. e4 Nxc3 6. bxc3 c5 7. Nf3 Bg7 8. h3 O-O 9. Be3 Qa5 10. Qd2 Nc6 11. Rd1 cxd4 12. cxd4 Qxd2+ 13. Rxd2 e6 14. Be2 Bd7 15. O-O Rac8 16. Rb1 Na5 17. d5 b6 18. d6 Nc4 19. Bxc4 Rxc4 20. e5 h6 21. Kf1 Rfc8 22. Ke2 Kf8 23. g3 Bc6 24. h4 Ke8 25. Nd4 Bxe5 26. Nxc6 R8xc6 27. d7+ Kd8 28. Bxh6 Rd4 29. Rbd1 Rxd2+ 30. Rxd2 Rd6 31. g4 Kxd7 32. h5 gxh5 33. gxh5 Rxd2+ 34. Bxd2 Ke7 35. Kf3 f5 36. Bg5+ Kf7 37. a4 a6 38. Ke3 b5 39. axb5 axb5 40. Kd3 Bf6 41. Be3 e5 42. Kc3 Be7 43. Bb6 Kg7 44. Bc7 e4 45. Bf4 Bc5 46. Bg3 Kh6 47. Kd2 Kxh5 48. Ke2 Kg4 49. Bc7 b4 50. Be5 f4 51. Bb2 Kf5 52. Kf1 Ke6 53. Ke2 Kd5 54. f3 e3 55. Kd3 Bd6 56. Bf6 Be5 57. Bg5 b3 58. Bh4 b2 59. Kc2 Kc4 60. Be1 Bd4 61. Bh4 Bc3 62. Kb1 e2 63. Bf2 e1=Q+ 64. Bxe1 Bxe1 65. Kxb2 Kd3 66. Kc1 Ke3 67. Kc2 Kxf3 0-1


[Site "https://www.chess.com"]

[Event "Titled Tuesday Blitz March 08 Early 2022"]
[White "Bayramov, Zaur"]
[Black "Ashiev, Eduard"]
[WhiteFideId "13405080"]
[BlackFideId "4130090"]
[WhiteElo "2166"]
[BlackElo "2004"]
[Result "1-0"]
[Round "01"]
[TimeControl "180+1"]
[Date "2022.03.09"]
[WhiteClock "0:01:14"]
[BlackClock "0:00:02"]

1. d4 d6 2. Nf3 Bg4 3. Nbd2 Nf6 4. e4 Nbd7 5. c3 e5 6. Be2 Be7 7. O-O O-O 8. Re1 c6 9. a4 Qc7 10. h3 Bh5 11. Qc2 Bg6 12. Nh4 Rad8 13. Nxg6 hxg6 14. Bf1 Rfe8 15. b3 Bf8 16. Bb2 d5 17. exd5 exd4 18. dxc6 Qxc6 19. Nf3 dxc3 20. Qxc3 Qxc3 21. Bxc3 Nc5 22. Bc4 Nce4 23. Bb2 Nd6 24. Bf1 Nde4 25. Red1 Bc5 26. Bd4 Bxd4 27. Rxd4 Rxd4 28. Nxd4 Rd8 29. Nf3 b6 30. Re1 a5 31. Bc4 Nd6 32. Rd1 Nfe4 33. Ne5 Rc8 34. Nxg6 Kh7 35. Ne5 Nxc4 36. Nxc4 b5 37. axb5 a4 38. Rd4 Nf6 39. bxa4 Ra8 40. Ne5 1-0


[Site "https://www.chess.com"]

[Event "Titled Tuesday Blitz March 08 Early 2022"]
[White "Berezin, Viktor"]
[Black "Nazari, Arad"]
[WhiteFideId "14107872"]
[BlackFideId "12577324"]
[WhiteElo "2310"]
[BlackElo "2120"]
[Result "0-1"]
[Round "01"]
[TimeControl "180+1"]
[Date "2022.03.09"]
[WhiteClock "0:00:59"]
[BlackClock "0:01:22"]

1. d4 Nf6 2. Nf3 g6 3. g3 Bg7 4. Bg2 d5 5. c4 c6 6. cxd5 cxd5 7. O-O O-O 8. Nc3 Nc6 9. Ne5 Bd7 10. Nxc6 Bxc6 11. Bf4 Rc8 12. Rc1 Ne4 13. f3 Nxc3 14. bxc3 Bb5 15. Re1 Bc4 16. Qd2 Qa5 17. Rc2 Rc6 18. e4 e6 19. Bh6 Rfc8 20. Bxg7 Kxg7 21. e5 Bb5 22. Rec1 Ba4 23. Rb2 b6 24. Rb4 Bb5 25. a4 Bxa4 26. Ra1 b5 27. Bf1 a6 28. c4 dxc4 29. Qc3 Qd8 30. f4 R6c7 31. Bg2 Rd7 32. d5 exd5 33. e6+ d4 34. exd7 dxc3 35. dxc8=Q Qxc8 36. Rc1 Qc5+ 0-1


[Site "https://www.chess.com"]

[Event "Titled Tuesday Blitz March 08 Early 2022"]
[White "Berthier, Hugo"]
[Black "Khismatullin, Denis"]
[WhiteFideId "655864"]
[BlackFideId "4142578"]
[WhiteElo "2193"]
[BlackElo "2543"]
[Result "0-1"]
[Round "01"]
[TimeControl "180+1"]
[Date "2022.03.08"]
[WhiteClock "0:00:01"]
[BlackClock "0:00:34"]

1. d4 Nf6 2. Nf3 e6 3. Bg5 h6 4. Bh4 g5 5. Bg3 Ne4 6. Nbd2 Nxg3 7. hxg3 Bg7 8. c3 d6 9. e4 a6 10. Bd3 Nd7 11. Qe2 c5 12. a4 O-O 13. e5 cxd4 14. cxd4 dxe5 15. dxe5 g4 16. Qe4 f5 17. exf6 Nxf6 18. Qg6 gxf3 19. Nxf3 Bd7 20. Bc4 Rc8 21. Bb3 Qa5+ 22. Kf1 Qb4 23. Rxh6 Qxb3 24. Ng5 Qc4+ 25. Kg1 Qc1+ 26. Rxc1 Rxc1+ 27. Kh2 Ng4+ 28. Kh3 Nxf2+ 29. Kh4 Rc4+ 30. g4 Rxg4+ 31. Kh5 Be8 32. Qxe8 Rxg5+ 33. Kxg5 Bxh6+ 0-1


[Site "https://www.chess.com"]

[Event "Titled Tuesday Blitz March 08 Early 2022"]
[White "Bethke, Richard"]
[Black "Le, Tuan Minh"]
[WhiteFideId "12959243"]
[BlackFideId "12401153"]
[WhiteElo "2521"]
[BlackElo "2450"]
[Result "0-1"]
[Round "01"]
[TimeControl "180+1"]
[Date "2022.03.08"]
[WhiteClock "0:00:02"]
[BlackClock "0:00:17"]

1. e4 c5 2. Nf3 Nf6 3. Nc3 d5 4. exd5 Nxd5 5. Bc4 Nb6 6. Bb5+ Bd7 7. Bxd7+ Qxd7 8. d4 cxd4 9. Qxd4 Nc6 10. Qxd7+ Nxd7 11. Be3 f6 12. O-O-O e5 13. Nb5 Rc8 14. Nd6+ Bxd6 15. Rxd6 Ke7 16. Rhd1 Rhd8 17. R6d2 b6 18. Kb1 Nf8 19. Rxd8 Nxd8 20. Nd2 Nfe6 21. Ne4 Nb7 22. c3 f5 23. Ng5 f4 24. Nxe6 Kxe6 25. Bc1 Nd6 26. Re1 g5 27. Kc2 h6 28. h4 Nf5 29. hxg5 hxg5 30. Rh1 Rc7 31. Rh5 Kf6 32. Rh8 Rd7 33. Rf8+ Kg6 34. Rg8+ Ng7 35. Bd2 e4 36. c4 Kf5 37. f3 e3 38. Rf8+ Kg6 39. Bc3 Rf7 40. Rd8 Nf5 41. Rg8+ Kh6 42. Rh8+ Rh7 43. Rf8 Nh4 44. Rf6+ Kh5 45. Kd3 Nxg2 46. Rf5 Nh4 47. Rd5 Nxf3 48. Bf6 Kg4 49. Ke4 e2 0-1


[Site "https://www.chess.com"]

[Event "Titled Tuesday Blitz March 08 Early 2022"]
[White "Bilan, Danila"]
[Black "Svane, Rasmus"]
[WhiteFideId "24161918"]
[BlackFideId "4657101"]
[WhiteElo "2164"]
[BlackElo "2645"]
[Result "0-1"]
[Round "01"]
[TimeControl "180+1"]
[Date "2022.03.08"]
[WhiteClock "0:00:11"]
[BlackClock "0:00:55"]

1. d4 d5 2. Nf3 e6 3. e3 Nf6 4. b3 Bd6 5. Bb2 O-O 6. Nbd2 b6 7. Bd3 Bb7 8. O-O c5 9. Ne5 Nc6 10. f4 Nb4 11. Be2 cxd4 12. exd4 Rc8 13. c3 Nc6 14. Bd3 Qe7 15. Qe2 Ba3 16. Bxa3 Qxa3 17. Ndf3 Ne7 18. Rac1 Ne4 19. c4 f6 20. Ng4 Qd6 21. g3 Rfd8 22. Rfd1 a5 23. Qe3 Nf5 24. Qe2 Qb4 25. Ne3 Nc3 26. Rxc3 Qxc3 27. Nxf5 exf5 28. Bxf5 Re8 29. Qf1 dxc4 30. Bxc8 Bxf3 31. Rc1 Qe3+ 32. Qf2 Qxc1+ 33. Qf1 Re1 0-1


[Site "https://www.chess.com"]

[Event "Titled Tuesday Blitz March 08 Early 2022"]
[White "Bintang, Rasyid A. Hidayat"]
[Black "Rozman, Levy"]
[WhiteFideId "7105355"]
[BlackFideId "2039877"]
[WhiteElo "2365"]
[BlackElo "2376"]
[Result "1-0"]
[Round "01"]
[TimeControl "180+1"]
[Date "2022.03.09"]
[WhiteClock "0:00:18"]
[BlackClock "0:01:28"]

1. d4 d5 2. Bf4 c5 3. e3 cxd4 4. exd4 Nc6 5. c3 f6 6. Nf3 Bg4 7. Qb3 Bxf3 8. Qxb7 Qc8 9. Ba6 Qe6+ 10. Kf1 Nd8 11. Bb5+ Kf7 12. Qxa8 g5 13. gxf3 Qh3+ 14. Ke2 Ne6 15. Bg3 Nh6 16. Qxd5 Nf5 17. Bc4 Ng7 18. Nd2 h6 19. Ne4 Kg6 20. Nc5 Nxc5 21. dxc5 e5 22. c6 Be7 23. Qf7+ Kh7 24. Qxe7 Rc8 25. Qd7 1-0


[Site "https://www.chess.com"]

[Event "Titled Tuesday Blitz March 08 Early 2022"]
[White "Blohberger, Felix"]
[Black "Qashashvili, Alexandre"]
[WhiteFideId "1632051"]
[BlackFideId "13600842"]
[WhiteElo "2474"]
[BlackElo "2316"]
[Result "1-0"]
[Round "01"]
[TimeControl "180+1"]
[Date "2022.03.09"]
[WhiteClock "0:01:46"]
[BlackClock "0:01:24"]

1. Nf3 c6 2. g3 d5 3. Bg2 Nf6 4. O-O Bf5 5. c4 Qc8 6. Qb3 dxc4 7. Qxc4 Bh3 8. Bxh3 Qxh3 9. Qxf7+ Kxf7 10. Ng5+ Kg6 11. Nxh3 e5 12. Nc3 Nbd7 13. d3 Bc5 14. Ng5 h6 15. Nge4 Nxe4 16. Nxe4 Be7 17. Be3 Nf6 18. Nxf6 gxf6 19. f4 Bd6 20. Kg2 Rhe8 21. f5+ Kg7 22. Kf3 Bc7 23. g4 Bb6 24. Bd2 Rad8 25. Bc3 Bd4 26. Rad1 Bxc3 27. bxc3 c5 28. a4 b6 29. Ke3 Rd6 30. h4 Rh8 31. Rg1 Kf7 32. Rg3 Ke7 33. Rdg1 Kd7 34. g5 hxg5 35. hxg5 fxg5 36. Rxg5 Kc6 37. Rg6 Rh4 38. R1g4 Rh3+ 39. Ke4 Rh2 40. e3 Ra2 41. Kxe5 Rxg6 42. fxg6 Re2 43. e4 1-0


[Site "https://www.chess.com"]

[Event "Titled Tuesday Blitz March 08 Early 2022"]
[White "Bluebaum, Matthias"]
[Black "Szalay, Karoly"]
[WhiteFideId "24651516"]
[BlackFideId "2600544"]
[WhiteElo "2550"]
[BlackElo "2460"]
[Result "1-0"]
[Round "01"]
[TimeControl "180+1"]
[Date "2022.03.08"]
[WhiteClock "0:00:47"]
[BlackClock "0:00:12"]

1. b3 d5 2. Bb2 Nf6 3. Nf3 e6 4. c4 Be7 5. e3 O-O 6. Nc3 b6 7. cxd5 Nxd5 8. Qc2 Bb7 9. h4 Bf6 10. Ng5 g6 11. Nxd5 Bxd5 12. Bd3 Bxb2 13. Qxb2 Bxg2 14. Rg1 Qxd3 15. Rxg2 Nd7 16. Rc1 c5 17. h5 Qd5 18. Rg1 Ne5 19. Rc3 Nd3+ 20. Rxd3 Qxd3 21. h6 f6 22. Nxe6 Rf7 23. Nf4 Qe4 24. d3 Qe5 25. Qb1 Re8 26. Kf1 Qf5 27. Rg3 Rd7 28. b4 Kf8 29. bxc5 Qxc5 30. Qb2 Qc6 31. Kg1 Re5 32. d4 Rg5 33. Rxg5 fxg5 34. d5 Rxd5 35. Qh8+ Ke7 36. Qxh7+ Kf8 37. Qg7+ Ke8 38. Qg8+ Ke7 39. Nxd5+ Kd6 40. Qxg6+ Kxd5 41. Qxc6+ Kxc6 42. h7 1-0


[Site "https://www.chess.com"]

[Event "Titled Tuesday Blitz March 08 Early 2022"]
[White "Bortnyk, Olexandr"]
[Black "Kovanova, Baira"]
[WhiteFideId "14120828"]
[BlackFideId "4164083"]
[WhiteElo "2723"]
[BlackElo "2190"]
[Result "1-0"]
[Round "01"]
[TimeControl "180+1"]
[Date "2022.03.08"]
[WhiteClock "0:00:46"]
[BlackClock "0:00:01"]

1. e4 e5 2. Bc4 Nf6 3. d3 c6 4. Nf3 d5 5. Bb3 Bd6 6. Nc3 d4 7. Ne2 Be6 8. O-O O-O 9. h3 Nbd7 10. Bd2 Nh5 11. Ng3 Nxg3 12. fxg3 Nc5 13. g4 a5 14. Qe1 a4 15. Bxe6 fxe6 16. Qg3 Nd7 17. Kh1 Qe7 18. Bg5 Qe8 19. Nxd4 Qg6 20. Nf3 Rxf3 21. Qxf3 Rf8 22. Qe3 Rxf1+ 23. Rxf1 Bc5 24. Qf3 h6 25. Be3 Be7 26. c3 Nc5 27. Qe2 b5 28. Kh2 Kh7 29. Rf3 Qe8 30. Bxc5 Bd6 31. Qf1 Bxc5 32. b4 axb3 33. axb3 Qd7 34. b4 Bb6 35. Rf7 Qxd3 36. Qxd3 1-0


[Site "https://www.chess.com"]

[Event "Titled Tuesday Blitz March 08 Early 2022"]
[White "Boruchovsky, Avital"]
[Black "Buscar, Michael"]
[WhiteFideId "2800055"]
[BlackFideId "2603616"]
[WhiteElo "2469"]
[BlackElo "2010"]
[Result "1-0"]
[Round "01"]
[TimeControl "180+1"]
[Date "2022.03.09"]
[WhiteClock "0:00:41"]
[BlackClock "0:00:18"]

1. d4 d5 2. Nf3 e6 3. Bf4 c5 4. e3 Qb6 5. Nc3 cxd4 6. exd4 Bd6 7. Bxd6 Qxd6 8. Bd3 Ne7 9. Ne2 Ng6 10. O-O Nd7 11. c3 O-O 12. Qc2 e5 13. dxe5 Ndxe5 14. Nxe5 Qxe5 15. Rfe1 Qg5 16. Ng3 Be6 17. Re3 Rfd8 18. Ne2 h6 19. Nd4 Nf4 20. Rg3 Qf6 21. Re1 Rac8 22. Qd2 Rd6 23. Bf1 g5 24. Rge3 Bf5 25. g3 Ne6 26. Nxf5 Qxf5 27. Re5 Qg4 28. Rxd5 Rxd5 29. Qxd5 Rd8 30. Qxb7 Rd2 31. Qxa7 Rxb2 32. a4 Ra2 33. a5 Qf5 34. a6 Nc5 35. Be2 Rxa6 36. Bxa6 g4 37. Bc4 Kg7 38. Qe7 1-0


[Site "https://www.chess.com"]